AoeStats
← Topaxd

Black Forest

509422847Analyzed
2v2 RM · 4d ago on Sep 26, 2026· 62m 35s· 4 players
Game mode
Random Map
Map size
Medium (4 player)
Population
200
Speed
Normal
Resources
Standard
Victory
Conquest
Starting age
Dark Age
Ending age
Imperial Age
RankedLock teamsTeams togetherTeam positionsShared explorationLock speedFull tech treeHidden civsTurbo modeCheats
Victory
Defeat
🇨🇱 Teutons · Chile
606
+17
🇨🇱 Mapuche · Chile
552
+19
🇨🇭 Spanish · Switzerland
642
-19
🇲🇽 Cumans · Mexico
592
-17
antoniocarbo1999
11:16 Feudal Age
12:56 Wheelbarrow
12:12 Double-Bit Axe
12:12 Horse Collar
12:28 Gold Mining
12:43 Loom
19:06 Scale Barding Armor
19:53 Forging
20:15 Man-at-Arms
21:03 Scale Mail Armor
25:17 Castle Age
24:48 Stone Mining
26:10 Arson
25:53 Long Swordsman
26:54 Chain Mail Armor
27:07 Hand Cart
27:52 Iron Casting
28:44 Chain Barding Armor
29:26 Squires
29:54 Bloodlines
33:49 Padded Archer Armor
33:40 Fletching
34:21 Bodkin Arrow
37:15 Imperial Age
35:56 Steppe Husbandry
37:33 Gold Shaft Mining
37:12 Bow Saw
37:07 Light Cavalry
38:05 Two-Handed Swordsman
39:41 Hussar
40:42 Padded Archer Armor
41:00 Murder Holes
41:29 Heavy Plow
42:04 Champion
45:02 Blast Furnace
48:54 Plate Barding Armor
52:56 Plate Mail Armor
55:52 Elite Kipchak
56:38 Cuman Mercenaries
60:50 Leather Archer Armor
61:01 Ballistics
Wenceslao
0:41 Loom
14:52 Feudal Age
Hal0s_
0:52 Loom
13:46 Feudal Age
14:10 Horse Collar
14:26 Double-Bit Axe
21:36 Castle Age
20:15 Gold Mining
23:03 Forging
22:53 Scale Mail Armor
22:56 Squires
25:05 Pikeman
25:47 Town Watch
27:55 Bow Saw
27:53 Heavy Plow
29:55 Wheelbarrow
29:21 Town Patrol
29:57 Chain Mail Armor
29:30 Gambesons
31:50 Hand Cart
31:46 Man-at-Arms
33:08 Iron Casting
34:04 Caravan
33:47 Long Swordsman
37:32 Arson
41:30 Imperial Age
41:46 Ironclad
43:55 Chemistry
44:23 Siege Engineers
43:45 Two-Handed Swordsman
44:34 Champion
45:31 Elite Teutonic Knight
47:44 Blast Furnace
47:15 Plate Mail Armor
47:18 Stone Mining
48:19 Plate Mail Armor
50:44 Halberdier
52:42 Stone Shaft Mining
56:25 Fervor
56:36 Sanctity
Topaxd
1:10 Loom
12:51 Feudal Age
14:33 Champi Runner
14:59 Arson
15:08 Double-Bit Axe
15:10 Horse Collar
18:33 Wheelbarrow
20:02 Forging
21:20 Gold Mining
21:49 Town Watch
22:42 Scale Mail Armor
28:00 Castle Age
29:06 Champi Warrior
32:19 Iron Casting
32:00 Chain Mail Armor
38:41 Crossbowman
40:21 Heavy Plow
40:32 Bow Saw
40:38 Bow Saw
44:12 Imperial Age
42:41 Sanctity
42:33 Fervor
43:04 Fletching
43:15 Padded Archer Armor
42:44 Pikeman
44:05 Elite Skirmisher
44:43 Elite Champi Warrior
45:40 Malon
45:44 Capped Ram
48:35 Crop Rotation
47:26 Halberdier
49:28 Hand Cart
49:14 Town Patrol
49:52 Gold Shaft Mining
49:12 Stone Mining
50:30 Elite Kona
55:02 Ballistics
54:48 Siphons
54:29 Arrowslits
55:58 Elite Bolas Rider
57:05 Butalmapu
Connection lost

Rejoining the realm…

Still unreachable

The connection could not be restored.

Session expired

The server has moved on; the page needs a fresh start.